cohdb
Replays
Latest Replays
All Replays
Popular Replays
Top Player Replays
Match Explorer
How It Works
Community
CoH3 Stats
Reddit
Sign in to upload your games and track your stats! →
Sign in with Steam
Match 42796428
Unlisted
Match 42796428
Overview
Messages
Build Orders
End
Construct Infanterie Kompanie
Pioneer Squad
MG 42 Machine Gun Team
Grenadier Squad
Grenadier Squad
Infanterie Officer Quarters
Construct Panzergrenadier Kompanie
Selects Breakthrough Battlegroup
Selects Assault Grenadiers
Selects Smoke Bombing Run
Pak 40 Anti-tank Gun Team
Selects Incendiary Bombing Run
Selects Mechanized Assault Group
Mechanized Assault Group
Construct Panzer Kompanie
Panzer IV Medium Tank
Stoßtruppen Squad
Panzer Officer Quarters
Side Skirts
Selects 2.5-tonne Cargo Truck
Selects Blitzkrieg
Panzer IV Medium Tank
251 Medium Carrier
Selects Panzer IV Command Tank Sd.Kfz. 161/1
Panzer IV Command Tank
Medical Bunker
Panzer IV Medium Tank
Panzer IV Medium Tank
Panzer IV Medium Tank
Smoke Bombing Run
Mechanized Assault Group
Mark29
jonafrag
MonoChrome
bananaphil
0
0
Comments
sign in to comment!
No comments posted yet!